 Dungeon Crawl Stone Soup version 0.30-a0-311-gf115ab0292 (webtiles) character file.

Game seed: 131744185584127952

349 koil the Chopper (level 6, -2/84 HPs)
             Began as a Hill Orc Berserker on Oct 25, 2022.
             Was a Believer of Trog.
             Slain by a gnoll bouda
             ... wielding a +0 whip
              (8 damage)
             ... on level 4 of the Dungeon.
             The game lasted 00:07:06 (2313 turns).

koil the Chopper (Hill Orc Berserker)               Turns: 2313, Time: 00:07:07

Health: -2/84      AC: 11    Str: 22    XL:     6   Next: 60%
Magic:  6/6        EV:  7    Int:  7    God:    Trog [**....]
Gold:   195        SH:  0    Dex: 12    Spells: 5/5 levels left

rFire   . . .      SeeInvis .    u - +0 war axe
rCold   . . .      Faith    .    (no shield)
rNeg    + + .      Spirit   .    n - +0 plate armour of the Other Side {rElec rN++ Will- Dex+2}
rPois   +          Reflect  .    (no helmet)
rElec   +          Harm     .    (no cloak)
rCorr   .          Rampage  .    (no gloves)
Will    .....                    (no boots)
Stlth   ..........               (no amulet)
HPRegen 0.34/turn                p - ring of poison resistance
MPRegen 0.10/turn                (no ring)

@: berserking, very quick
A: no striking features
a: Renounce Religion, Berserk, Trog's Hand


You were on level 4 of the Dungeon.
You worshipped Trog.
Trog was pleased with you.
You visited 1 branch of the dungeon, and saw 4 of its levels.
You also visited: Sewer.

You collected 195 gold pieces.

Inventory:

Hand Weapons
 a - a +0 hand axe
 h - a +2 vorpal spear
 q - a +2 short sword of venom
 s - a +2 short sword of venom
 u - a +0 war axe (weapon)
Missiles
 d - 24 poisoned darts (quivered)
Armour
 b - a +0 animal skin
 e - a +0 scale mail
 l - the +1 ring mail "Dinadaakk" {rN++ SInv}
   (You found it on level 2 of the Dungeon)

   rN:        It greatly protects you from negative energy.
   SInv:      It lets you see invisible.
 n - the +0 plate armour of the Other Side (worn) {rElec rN++ Will- Dex+2}
   (You found it on level 2 of the Dungeon)

   Dex:       It affects your dexterity (+2).
   rElec:     It insulates you from electricity.
   rN:        It greatly protects you from negative energy.
   Will:      It decreases your willpower.
Magical Staves
 v - a staff of death
Jewellery
 p - a ring of poison resistance (left hand)
Scrolls
 c - a scroll of enchant armour {unknown}
 f - a scroll of blinking {unknown}
 g - a scroll of brand weapon {unknown}
 i - a scroll of immolation {unknown}
 m - 4 scrolls of identify {unknown}
 o - a scroll of noise {unknown}
 r - a scroll of fear {unknown}
 w - a scroll of enchant weapon {unknown}
 y - a scroll of amnesia {unknown}
 z - a scroll of acquirement {unknown}
 A - a scroll of teleportation {unknown}
Potions
 j - a potion of flight {unknown}
 k - 2 potions of lignification {unknown}
 t - 2 potions of ambrosia {unknown}
 x - a potion of berserk rage
 B - a potion of cancellation {unknown}


   Skills:
 + Level 5.3 Fighting
 + Level 5.7 Axes
 + Level 4.1 Armour
 + Level 3.1 Dodging


You had 5 spell levels left.
You didn't know any spells.
Your spell library was empty.

Dungeon Overview and Level Annotations

Branches:
Dungeon (4/15)              Sewer (visited)
 Temple: D:4-7

Altars:
Makhleb
Yredelemnul

Shops:
D:1 :   D:3 (


Message History

a +0 dagger; 4 stones; 13 gold pieces The gnoll bouda attacks as you move away!
The gnoll bouda hits you but does no damage.
The gnoll hits you from afar with a +0 spear.
The gnoll hits you from afar with a +0 spear!
* * * LOW HITPOINT WARNING * * *
The gnoll bouda attacks as you move away!
The gnoll bouda hits you but does no damage.
Throw: 25 darts (poison)
Press: ? - help, Q - select action, (/) - cycle Shift-Dir - straight line, f - gnoll bouda
Aim: a gnoll bouda, wielding a +0 whip and wearing a +0 robe (lightly wounded, 63% to hit)
You throw a poisoned dart.
The poisoned dart closely misses the gnoll bouda.
The poisoned dart hits the gnoll.
The gnoll is poisoned.
The gnoll hits you but does no damage.
The gnoll bouda hits you with a +0 whip.
* * * LOW HITPOINT WARNING * * *
A red film seems to cover your vision as you go berserk!
You feel yourself moving faster!
You feel mighty!
The gnoll hits you from afar with a +0 spear.
* * * LOW HITPOINT WARNING * * *
The gnoll bouda calls upon its god to heal the gnoll.
The gnoll's wounds heal themselves!
The gnoll hits you from afar with a +0 spear.
* * * LOW HITPOINT WARNING * * *
The gnoll closely misses you.
You are too injured to fight recklessly!
You are too injured to fight recklessly!
You barely miss the gnoll bouda.
The gnoll bouda is lightly wounded.
The gnoll hits you from afar with a +0 spear.
* * * LOW HITPOINT WARNING * * *
The gnoll bouda hits you with a +0 whip.
* * * LOW HITPOINT WARNING * * *
The gnoll hits you but does no damage.
You barely miss the gnoll. You barely miss the gnoll bouda.
The gnoll is no longer moving quickly.
The gnoll completely misses you. The gnoll hits you but does no damage.
The gnoll bouda hits you with a +0 whip!
You die...

.>......#.##.......#.
#......#.....#.........
#g................ .
##...............##..
.#...##)###.........# ##
...$...##g.##.........#..
.###$...ggg........# ..##
....[.g..........###...#
....##?g@.........#.#...#
#####
#...#.##..#.#.#.....
##.#..#...#.#....#
#..##..#.##......## #.#
##...###......#
##.####......##..##
##..##...#####..#
#...#.#..## ...#
#.......####..#


You could see a gnoll bouda and 5 gnolls.

Vanquished Creatures
  Pargi (Sewer)
  An ogre (D:4)
  A scorpion (D:4)
  3 adders
  2 adder zombies (D:3)
  A worm (D:3)
  3 dart slugs
  3 orcs (D:2)
  9 endoplasms
  2 giant cockroaches (D:1)
  6 goblins
  2 hobgoblins
  2 quokkas
  5 ball pythons
  7 bats
  5 frilled lizards
  7 kobolds
  A quokka zombie (D:3)
  9 rats
70 creatures vanquished.

Notes
Turn   | Place    | Note
-------+----------+-------------------------------------------
     0 | D:1      | koil the Hill Orc Berserker began the quest for the Orb.
     0 | D:1      | Reached XP level 1. HP: 19/19 MP: 1/1
   141 | D:1      | Found Deti's Book Shoppe.
   219 | D:1      | Reached XP level 2. HP: 27/27 MP: 2/2
   720 | D:2      | Reached XP level 3. HP: 30/33 MP: 3/3
   750 | D:2      | Reached ** piety under Trog
   848 | D:2      | Identified the +1 ring mail "Dinadaakk" {rN++ SInv}
   874 | D:2      | Identified the +0 plate armour of the Other Side {rElec
                  | rN++ Will- Dex+2}
  1412 | D:3      | Found Hothez's Weapon Emporium.
  1475 | D:3      | Reached XP level 4. HP: 33/40 MP: 4/4
  1515 | D:3      | Found a burning altar of Makhleb.
  1681 | D:3      | Found a glowing drain.
  1699 | Sewer    | Entered a sewer
  1726 | Sewer    | Noticed Pargi
  1736 | Sewer    | Killed Pargi
  1737 | Sewer    | Reached skill level 5 in Axes
  1737 | Sewer    | Reached XP level 5. HP: 47/47 MP: 5/5
  1854 | D:3      | Found a basalt altar of Yredelemnul.
  2213 | D:4      | Noticed an ogre
  2222 | D:4      | Killed an ogre
  2223 | D:4      | Reached skill level 5 in Fighting
  2223 | D:4      | Reached XP level 6. HP: 56/56 MP: 6/6
  2276 | D:4      | Reached *** piety under Trog
  2313 | D:4      | Slain by a gnoll bouda

Illustrated notes

Levels and vault maps discovered:
D:1:      amcnicky_arrival_single_pillar, layout_loops_ring, serial_shops,
          nicolae_shop_hallway_plus, chequers_mini_garden
D:2:      layout_loops_ring, minmay_misc_feat_nine_boxes
D:3:      layout_basic, bloody_makhleb, nicolae_yredelemnul_corpse_copse,
          serial_shops, nicolae_shop_bloodbath_and_beyond,
          cheibrodos_sewer_entry_drain
D:4:      layout_layer_cave

Skill      XL: |  1  2  3  4  5 |
---------------+----------------+-----
Fighting       | 4 5 |  5.3
Dodging        | 2 3 |  3.1
Armour         | 3 4 |  4.1
Axes           | 5 |  5.7

Action                   |  1- 3 |  4- 6 || total
-------------------------+-------+-------++-------
Melee: Hand axe          |   130 |       ||   130
       Punch             |     1 |     2 ||     3
       War axe           |       |    92 ||    92
Throw: Dart              |       |    12 ||    12
Invok: Berserk           |       |     3 ||     3
Armor: Animal skin       |     4 |       ||     4
       Scale mail        |    24 |       ||    24
       Plate armour      |    18 |    90 ||   108
Dodge: Dodged            |    68 |    48 ||   116

Table legend: (Time is in decaauts)
 A = Elapsed time spent in this place.
 B = Non-inter-level travel time spent in this place.
 C = Inter-level travel time spent in this place.
 D = Time resting spent in this place.
 E = Time spent auto-exploring this place.
 F = Levels seen in this place.
 G = Mean time per level.
                   A        B        C        D        E       F      G
               +--------+--------+--------+--------+--------+-----+--------+
         Total |   2369 |   2284 |     85 |      0 |   1646 |   5 |  473.8 |
       Dungeon |   2255 |   2170 |     85 |      0 |   1633 |   4 |  563.8 |
         Sewer |    114 |    114 |      0 |      0 |     13 |   1 |  114.0 |
               +--------+--------+--------+--------+--------+-----+--------+

Top non-repeatable levels by time:
     D:3: 729 daAuts
     D:1: 718 daAuts
     D:2: 678 daAuts
     D:4: 128 daAuts
   Sewer: 114 daAuts
